 Dungeon Crawl Stone Soup version 0.31.0-11-ge490571c62 (webtiles) character file.

Game seed: 834952009070873663

10409 Amaterasu the Basher (level 11, -3/111 HPs)
             Began as an Oni Shapeshifter on Jan 28, 2024.
             Was an Initiate of Gozag.
             Slain by a hornet (14 damage)
             ... on level 10 of the Dungeon.
             The game lasted 00:26:33 (12200 turns).

Amaterasu the Basher (Oni Shapeshifter)            Turns: 12200, Time: 00:26:33

Health: -3/111     AC:  5    Str: 24    XL:     11   Next: 61%
Magic:  17/17      EV: 10    Int: 11    God:    Gozag
Gold:   402        SH:  5    Dex:  8    Spells: 14/18 levels left

rFire   + . .        l - +0 giant spiked club
rCold   . . .        (shield currently unavailable)
rNeg    . . .        a - +1 animal skin
rPois   .            (helmet currently unavailable)
rElec   .            (cloak currently unavailable)
rCorr   .            (gloves unavailable)
SInv    .            (boots unavailable)
Will    +....        v - amulet of reflection
Stlth   +            e - ring of wizardry
HPRegen 0.38/turn    j - ring of protection from fire
MPRegen 0.15/turn

%: reflection, wizardry (x1)
@: beast-form, slowed, very slow
A: beast (slay +4), large, unfitting armour, horns 1, tough skin 1, double
potion healing, drunken brawling, talons 1, mutation resistance 1, shaggy fur 1
a: Begin Untransformation, Renounce Religion, Potion Petition, Call Merchant,
Bribe Branch


You were on level 10 of the Dungeon.
You worshipped Gozag.
Gozag was aware of your devotion.
You were a hulking beast.
You visited 1 branch of the dungeon, and saw 10 of its levels.

You collected 1737 gold pieces.
You paid 1335 gold pieces to Gozag.

Inventory:

Hand Weapons
 g - a +0 whip
 l - a +0 giant spiked club (weapon)
Missiles
 f - 27 poisoned darts (quivered)
 i - 2 throwing nets
Armour
 a - a +1 animal skin (worn)
 o - a scarf of resistance
Jewellery
 e - a ring of wizardry (left hand)
 j - a ring of protection from fire (right hand)
 v - an amulet of reflection (around neck)
 y - an amulet of magic regeneration
Talismans
 c - a beast talisman
 d - a flux talisman
Wands
 x - a wand of roots (9)
Scrolls
 b - a scroll of revelation
 h - 3 scrolls of identify
 q - 2 scrolls of enchant armour
 s - 2 scrolls of vulnerability
 u - 2 scrolls of amnesia
 w - 2 scrolls of butterflies
Potions
 k - 2 potions of haste
 m - 5 potions of curing
 n - 3 potions of brilliance
 p - 2 potions of attraction
 t - 2 potions of heal wounds
 z - a potion of invisibility
 A - a potion of resistance


   Skills:
 * Level 7.9 Fighting
 * Level 13.0 Maces & Flails
 * Level 4.3 Dodging
 - Level 2.6 Unarmed Combat
 - Level 4.0 Spellcasting
 * Level 5.3 Translocations
 - Level 7.0 Shapeshifting


You had 14 spell levels left.
You knew the following spells:

 Your Spells              Type           Power      Damage    Failure   Level
a - Manifold Assault      Tloc           13%        N/A       11%         4

Your spell library contained the following spells:

 Spells                   Type           Power      Damage    Failure   Level
 Freeze                   Ice            8%         1d3       10%         1
 Magic Dart               Conj           8%         1d3       10%         1
 Slow                     Hex            8%         N/A       10%         1
 Ensorcelled Hibernation  Hex/Ice        4%         N/A       14%         2
 Mercury Vapours          Alch/Air       4%         N/A       14%         2
 Searing Ray              Conj           4%         2d4       14%         2
 Confusing Touch          Hex            2%         N/A       26%         3
 Frozen Ramparts          Ice            4%         1d1       26%         3
 Fugue of the Fallen      Necr           2%         N/A       26%         3
 Hailstorm                Conj/Ice       2%         3d5       26%         3
 Mephitic Cloud           Conj/Alch/Air  2%         N/A       26%         3
 Ozocubu's Armour         Ice            2%         N/A       26%         3
 Passwall                 Erth           2%         N/A       26%         3
 Sigil of Binding         Hex            2%         N/A       26%         3
 Stone Arrow              Conj/Erth      4%         3d7       26%         3
 Summon Ice Beast         Ice/Summ       2%         N/A       26%         3
 Swiftness                Air            2%         N/A       26%         3
 Vampiric Draining        Necr           2%         2d6       26%         3
 Animate Armour           Summ/Erth      4%         N/A       65%         4
 Fulminant Prism          Conj/Alch      1%         3d5       65%         4
 Leda's Liquefaction      Alch/Erth      1%         N/A       65%         4
 Petrify                  Alch/Erth      2%         N/A       65%         4
 Freezing Cloud           Conj/Ice/Air   1%         6-21      92%         5
 Metabolic Englaciation   Hex/Ice        1%         N/A       92%         5
 Summon Mana Viper        Hex/Summ       2%         N/A       92%         5
 Monstrous Menagerie      Summ           1%         N/A       100%        7
 Lehudib's Crystal Spear  Conj/Erth      1%         10d2      100%        8


Dungeon Overview and Level Annotations

Branches:
Dungeon (10/15)            Temple (0/1) D:7             Orc (0/2) D:10
   Lair: D:8-11

Altars:
Ashenzari
Fedhas
Gozag
Kikubaaqudgha
Makhleb
Nemelex Xobeh
Okawaru
Sif Muna
Uskayaw
Yredelemnul

Shops:
D:4 *   D:5 *[   D:8 (

Annotations:
D:8 Skimidon's ghost, novice FeCA


Innate Abilities, Weirdness & Mutations

You are a hulking beast.
Your limbs bulge with bestial killing power. (Slay +4)
You are too large for most types of armour.
You have a pair of small horns on your head.
You have tough skin. (AC +1)
You gain doubled healing and magic from potions.
Whenever you drink a healing potion, you attack all around you.
You have sharp toenails.
You are somewhat resistant to further mutation.
You are covered in fur. (AC +1)


Message History

Space momentarily warps into an impossible shape!
You closely miss the hornet. You barely miss the hornet.
The hornet barely misses you. The hornet stings you!
* * * LOW HITPOINT WARNING * * *
You suddenly lose the ability to move!
You can move again.
You closely miss the hornet. Your kick misses the hornet.
Your headbutt misses the hornet. The hornet stings you!
* * * LOW HITPOINT WARNING * * *
You feel yourself slow down.
You closely miss the hornet. You claw the hornet. You headbutt the hornet.
The hornet is lightly wounded.
You feel yourself speed up. The hornet misses you. The hornet stings you.
* * * LOW HITPOINT WARNING * * *
You feel yourself slow down. You block the hornet's attack.
Okay, then. [a] - 660 gold - haste, invisibility and might [b] - 377 gold - heal wounds and magic [c] - 696 gold - resistance, might, haste and enlightenment Purchase which effect?
You feel much better. Magic courses through your body.
The hornet closely misses you. The hornet stings you.
You feel as though you will be slow longer.
Unknown command.
You impale the hornet!! Your kick misses the hornet.
The hornet is almost dead.
The hornet stings you!
* * * LOW HITPOINT WARNING * * *
You feel as though you will be slow longer.
The hornet stings you!
* * * LOW HITPOINT WARNING * * *
You feel as though you will be slow longer.
You closely miss the hornet.
You headbutt the hornet, but do no damage.
The hornet is almost dead.
The hornet closely misses you. The hornet stings you!
You die...
Your body crumbles into a pile of gold.

##..##############..#############
.................................
##...........>...................
##....###############............
##....### #............ ##.....>#
#............ ##....###
#####.......[.... ##....#
###................ ##.)..#
#####yh.###............
......#####......................
............##################
.....######.# ♣.♣♣#.....# ###..#
#.#♣.♣.♣#.♣♣♣.# #..#
#.#♣.♣.♣#.....# #..#
#.#.♣♣♣.#.##$## #..# #$#.♣
♣.#.#yy #..# #$#.♣.♣.#.#cO


You could see a hornet.

Vanquished Creatures
  Harold (D:9)
  Erica (D:8)
  Pikel (D:8)
  An ugly thing (D:10)
  The ghost of bl3nd3r the Ruffian, a novice TrFi (D:5)
  Joseph (D:8)
  Maggie (D:6)
  Jeremiah (D:8)
  Psyche (D:8)
  A hornet (D:10)
  Prince Ribbit (D:8)
  Sigmund (D:2)
  3 wyverns
  13 yaks
  An acid dragon (D:10)
  A water moccasin (D:5)
  5 orc warriors
  An ice beast (D:7)
  2 sky beasts
  2 ogres
  4 centaurs
  4 phantoms
  4 lemures (D:8)
  3 kobold brigands
  5 bullfrogs
  3 scorpions
  A gnoll sergeant (D:9)
  5 wights (D:8)
  A killer bee (D:10)
  6 howler monkeys
  3 bombardier beetles
  2 hounds
  2 jellies
  5 orc priests
  Terence (D:2)
  2 iguanas
  5 orc wizards
  2 sleepcaps
  Natasha (twice) (D:3)
  10 gnolls
  11 adders
  4 shadow imps
  2 white imps (D:6)
  2 ufetubi (D:7)
  2 dart slugs
  A ribbon worm (D:4)
  48 orcs
  4 endoplasms
  A giant cockroach (D:4)
  4 goblins
  11 hobgoblins
  6 jackals (D:1)
  20 kobolds
  3 quokkas (D:4)
  5 ball pythons
  5 bats
  6 frilled lizards
  2 rats (D:1)
247 creatures vanquished.

Vanquished Creatures (others)
  A human (D:10)
1 creature vanquished.

Grand Total: 248 creatures vanquished

Notes
Turn   | Place    | Note
-------+----------+-------------------------------------------
     0 | D:1      | Amaterasu the Oni Shapeshifter began the quest for the Orb.
     0 | D:1      | Reached XP level 1. HP: 19/19 MP: 1/1
   150 | D:1      | Reached XP level 2. HP: 29/29 MP: 2/2
   313 | D:1      | Reached skill level 1 in Maces & Flails
   318 | D:1      | Gained mutation: You are covered in fur. (AC +1) [potion of
                  | mutation]
   318 | D:1      | Gained mutation: You are somewhat resistant to further
                  | mutation. [potion of mutation]
   318 | D:1      | Gained mutation: You have sharp toenails. [potion of
                  | mutation]
   321 | D:1      | HP: 2/43 [poisoned by a kobold]
   552 | D:1      | Found a faded altar of an unknown god.
   706 | D:1      | Reached XP level 3. HP: 32/37 MP: 3/3
   954 | D:2      | Noticed Terence
   964 | D:2      | Killed Terence
   965 | D:2      | Reached skill level 2 in Maces & Flails
  1306 | D:2      | Reached XP level 4. HP: 48/48 MP: 4/4
  1420 | D:2      | Noticed Sigmund
  1591 | D:2      | Killed Sigmund
  1592 | D:2      | Reached skill level 5 in Fighting
  1592 | D:2      | Reached skill level 3 in Maces & Flails
  1592 | D:2      | Reached XP level 5. HP: 36/57 MP: 5/5
  1592 | D:2      | Reached XP level 6. HP: 42/66 MP: 6/6
  2088 | D:3      | Found a sparkling altar of Nemelex Xobeh.
  2342 | D:3      | Reached skill level 4 in Maces & Flails
  2885 | D:3      | Noticed Natasha
  2893 | D:3      | Killed Natasha
  3268 | D:3      | Noticed Natasha
  3275 | D:3      | Killed Natasha
  3473 | D:4      | Reached XP level 7. HP: 51/72 MP: 7/7
  3657 | D:4      | Found Ximoefyj's Gadget Gallery.
  4069 | D:4      | Reached skill level 5 in Shapeshifting
  4577 | D:5      | Entered Level 5 of the Dungeon
  4589 | D:5      | Reached skill level 5 in Maces & Flails
  4751 | D:5      | Reached XP level 8. HP: 34/81 MP: 8/8
  4924 | D:5      | Found an opulent altar of Gozag.
  4924 | D:5      | Found Gozag's Platinum Reserve.
  4938 | D:5      | Became a worshipper of Gozag Ym Sagoz the Greedy
  4942 | D:5      | Reached skill level 6 in Maces & Flails
  5088 | D:5      | Found a runed translucent door.
  5089 | D:5      | Noticed bl3nd3r's ghost (novice TrFi)
  5105 | D:5      | Killed bl3nd3r's ghost
  5106 | D:5      | Reached skill level 7 in Maces & Flails
  5444 | D:5      | Found Teduyx's Antique Armour Shoppe.
  5469 | D:5      | Reached skill level 8 in Maces & Flails
  5633 | D:5      | Reached XP level 9. HP: 82/88 MP: 9/9
  5780 | D:6      | Found a blossoming altar of Fedhas.
  5783 | D:6      | Found an ancient bone altar of Kikubaaqudgha.
  5830 | D:6      | Found a hide-covered altar of Uskayaw.
  6111 | D:6      | Noticed Maggie
  6128 | D:6      | Killed Maggie
  6593 | D:7      | Learned a level 4 spell: Manifold Assault
  6678 | D:7      | Reached skill level 9 in Maces & Flails
  6882 | D:7      | Found a staircase to the Ecumenical Temple.
  7358 | D:7      | Reached skill level 1 in Spellcasting
  7667 | D:8      | Noticed Joseph
  7669 | D:8      | Noticed Erica
  7798 | D:8      | Noticed Jeremiah
  7866 | D:8      | Reached skill level 10 in Maces & Flails
  7866 | D:8      | Reached skill level 1 in Translocations
  7866 | D:8      | Reached XP level 10. HP: 95/100 MP: 10/12
  7878 | D:8      | Found a runed translucent gate.
  7878 | D:8      | Noticed a two-headed ogre
  7878 | D:8      | Noticed a boulder beetle
  7878 | D:8      | Noticed Skimidon's ghost (novice FeCA)
  7879 | D:8      | Found a runed translucent gate.
  7880 | D:8      | Found a runed translucent gate.
  7881 | D:8      | Noticed Pikel
  7931 | D:8      | Killed Pikel
  8195 | D:8      | Found a shimmering blue altar of Sif Muna.
  8374 | D:8      | Found Feremudi's Weapon Boutique.
  8442 | D:8      | Killed Jeremiah
  8664 | D:8      | Killed Erica
  8665 | D:8      | Reached skill level 11 in Maces & Flails
  8781 | D:8      | Noticed Psyche
  8789 | D:8      | Killed Psyche
  8961 | D:8      | Noticed Prince Ribbit
  8967 | D:8      | Killed Prince Ribbit
  9355 | D:8      | Killed Joseph
  9356 | D:8      | Reached skill level 12 in Maces & Flails
  9714 | D:9      | Reached XP level 11. HP: 107/107 MP: 17/17
  9725 | D:9      | Reached skill level 5 in Translocations
 10006 | D:9      | Found an iron altar of Okawaru.
 10006 | D:9      | Noticed Harold
 10021 | D:9      | Killed Harold
 10632 | D:10     | Entered Level 10 of the Dungeon
 10684 | D:10     | Found a broken altar of Ashenzari.
 10784 | D:10     | Found a burning altar of Makhleb.
 11936 | D:10     | Found a staircase to the Orcish Mines.
 11942 | D:10     | Found a runed translucent door.
 11946 | D:10     | Found a basalt altar of Yredelemnul.
 12078 | D:10     | Noticed a two-headed ogre
 12078 | D:10     | Noticed a green ugly thing
 12151 | D:10     | Paralysed by a hornet for 1 turns
 12158 | D:10     | Killed a purple ugly thing
 12160 | D:10     | Reached skill level 13 in Maces & Flails
 12195 | D:10     | Paralysed by a hornet for 1 turns
 12200 | D:10     | Slain by a hornet

Illustrated notes

Levels and vault maps discovered:
D:1:      minmay_arrival_glassed_features, layout_basic,
          shapermc_ecumenical_altar_mp_vishouse, due_unseen_surprise
D:2:      layout_loops_corners, uniq_terence, uniq_sigmund
D:3:      layout_basic, nicolae_overflow_crystal_walls, serial_bayou,
          serial_bayou_pond_d, serial_bayou_pond_e, serial_bayou_lagoon_b,
          serial_bayou_shore_b, uniq_natasha
D:4:      layout_basic, nicolae_shop_gadgets
D:5:      layout_rooms, nicolae_gozag_zags_fifth_avenue, serial_shops,
          nicolae_take_the_stairs, ebering_ghost_sewer_d
D:6:      layout_gridville, grunt_temple_overflow_growth_and_decay,
          eat_drink_and_be_merry_uskayaw, uniq_maggie
D:7:      layout_basic, minmay_temple_entry_mist, kennysheep_crisscross
D:8:      layout_loops_ring, led_sif_pool, special_room [special_room_orc],
          serial_shops, shop, gammafunk_ghost_split, uniq_erica, uniq_pikel,
          uniq_prince_ribbit1, uniq_jeremiah, uniq_psyche, uniq_joseph
D:9:      layout_basic, okawaru_metal_pillars_1_2, uniq_harold
D:10:     nzn_winding_woodlands_small [nzn_winding_woodlands_5x15_eye,
          nzn_winding_woodlands_center_lodge,
          nzn_winding_woodlands_5x15_lazy_stream], layout_long_grid,
          dk_yredelemnul_ordeal, lightli_temple_of_fire,
          nicolae_ashenzari_skybound, orc_0_dummy

Skill      XL: |  1  2  3  4  5  6  7  8  9 10 11 |
---------------+----------------------------------+-----
Fighting       | 2 3 5 6 7 |  7.9
Maces & Flails | 1 2 3 4 5 8 10 12 13 | 13.0
Shapeshifting  | 4 5 6 7 |  7.0
Dodging        | 3 4 |  4.3
Spellcasting   | 1 4 |  4.0
Translocations | 1 3 5 |  5.3
Unarmed Combat | |  2.6

Action                     |  1- 3 |  4- 6 |  7- 9 | 10-12 || total
---------------------------+-------+-------+-------+-------++-------
  Melee: Unarmed           |    66 |    63 |       |       ||   129
         Headbutt          |     7 |    16 |    31 |    43 ||    97
         Kick              |    10 |    24 |    54 |    66 ||   154
         Whip              |       |    46 |    69 |       ||   115
         Punch             |       |     1 |       |       ||     1
         Giant spiked club |       |       |   154 |   263 ||   417
  Throw: Dart              |       |     4 |       |       ||     4
   Cast: Manifold Assault  |       |       |       |     5 ||     5
 Invoke: Potion Petition   |       |       |       |     2 ||     2
  Evoke: Wand              |       |       |       |     2 ||     2
    Use: Potion            |     3 |       |     3 |     1 ||     7
         Scroll            |     1 |     6 |    11 |     5 ||    23
   Stab: Invisible         |       |       |     2 |       ||     2
 Armour: Animal skin       |    36 |    65 |   168 |   165 ||   434
         Skin              |     1 |       |       |       ||     1
  Dodge: Dodged            |    30 |    43 |    98 |    98 ||   269
  Block: Other             |       |       |     4 |    58 ||    62
         Reflection        |       |       |     2 |     9 ||    11
